Map: Dusk Towers

Players

Bear - Winner!

  • Race: Protoss Protoss
  • League: Silver

WildCatBrown

  • Race: Protoss Protoss
  • League: Bronze

VOD

Have the link to the VOD?

Description

Time

  • Played on: Dec. 23, 2015, 10:39 a.m.
  • Length: 3:27
Show
View Real Time Build Order
Export as new Build Order

Bear Protoss - Winner!

Build Orders:  

Get SALT Encoding   

  12  0:01  Probe (Chrono Boost)  
  13  0:12  Probe (Chrono Boost)  
  14  0:19  Pylon  
  14  0:23  Probe (Chrono Boost)  
  15  0:37  Probe (Chrono Boost)  
  15  0:38  Gateway  
  16  0:48  Probe (Chrono Boost), Assimilator  
  17  0:58  Probe (Chrono Boost)  
  18  1:09  Probe (Chrono Boost)  
  19  1:19  Probe (Chrono Boost)  
  20  1:25  Cybernetics Core  
  20  1:29  Pylon  
  20  1:30  Probe (Chrono Boost)  
  21  1:37  Pylon  
  21  1:47  Pylon  
  21  1:59  Pylon  
  20  2:01  Pylon  
  19  2:13  Mothership Core (Chrono Boost)  
  21  2:25  Adept  
  23  2:39  Probe (Chrono Boost)  
  24  2:52  Adept  
  24  2:55  Pylon  
  26  3:02  Pylon  
  26  3:06  Pylon  
  26  3:08  Pylon  
Show
View Real Time Build Order
Export as new Build Order

WildCatBrown Protoss 

Build Orders: 1 Gate Expand 

Get SALT Encoding   

  12  0:01  Probe (Chrono Boost)  
  13  0:12  Probe (Chrono Boost)  
  14  0:22  Probe (Chrono Boost)  
  14  0:24  Pylon  
  15  0:34  Assimilator  
  16  0:42  Probe (Chrono Boost)  
  16  0:47  Gateway  
  16  0:53  Probe (Chrono Boost)  
  16  0:55  Assimilator  
  17  1:03  Probe (Chrono Boost)  
  18  1:14  Probe (Chrono Boost)  
  19  1:27  Probe (Chrono Boost)  
  19  1:32  Nexus  
  20  1:37  Probe (Chrono Boost)  
  21  2:11  Probe (Chrono Boost)  
  22  2:22  Probe (Chrono Boost)  
  23  2:44  Pylon, Zealot  
Tags
 
Add a new tag
Caveats
  • Supply blocks, unpowered buildings, or Contaminate may cause inaccurate times.
  • Supply counts are checked every 10 seconds.